[Event "Titled Tuesday Blitz August 15 Late 2023"]
[White "Ankerst, Mihael"]
[Black "Haydon, David L"]
[WhiteFideId "14602369"]
[BlackFideId "415405"]
[WhiteElo "2460"]
[BlackElo "2750"]
[Result "0-1"]
[Round "2"]
[TimeControl "180+1"]
[Date "2023.08.15"]
[WhiteClock "0:00:00"]
[BlackClock "0:00:34"]
[Board "85"]

1. e4 c6 2. d4 d5 3. e5 Bf5 4. Nf3 e6 5. Be2 c5 6. O-O Nc6 7. c4 dxc4 8. Be3 Nge7 9. dxc5 Nd5 10. Bd4 Qc7 11. Bxc4 Rd8 12. Bb5 Be7 13. Qa4 O-O 14. Bxc6 bxc6 15. Rd1 Rb8 16. a3 Nf4 17. b4 Rfd8 18. Nc3 Rd7 19. Be3 Nd5 20. Nxd5 cxd5 21. Bf4 a5 22. Nd4 h5 23. c6 Rdd8 24. b5 Bg6 25. Rac1 Rdc8 26. Qb3 a4 27. Qxa4 Ra8 28. Qb3 Rxa3 29. Qb2 Rb8 30. Be3 Raa8 31. Qb3 Ra3 32. Qb2 Ra4 33. Ra1 Rb4 34. Qd2 Rc4 35. Rdc1 Bb4 36. Qd1 Bc3 37. Ra3 Bb2 38. Rxc4 dxc4 39. Ra4 Bxd4 40. Qxd4 Rxb5 0-1


[Site "https://www.chess.com"]

[Event "Titled Tuesday Blitz August 15 Late 2023"]
[White "Fernandez Garcia, Gumersindo"]
[Black "Escalante Ramirez, Brian Sebasti"]
[WhiteFideId "24516740"]
[BlackFideId "3819566"]
[WhiteElo "2395"]
[BlackElo "2723"]
[Result "1/2-1/2"]
[Round "2"]
[TimeControl "180+1"]
[Date "2023.08.15"]
[WhiteClock "0:00:07"]
[BlackClock "0:00:05"]
[Board "86"]

1. e4 e5 2. Nf3 Nc6 3. d4 exd4 4. Bc4 Be7 5. O-O d6 6. Nxd4 Nf6 7. Nxc6 bxc6 8. Re1 O-O 9. h3 Rb8 10. Nc3 Kh8 11. Bb3 Nd7 12. Be3 a5 13. Qd2 f5 14. exf5 d5 15. g4 Nc5 16. Bd4 Nxb3 17. axb3 c5 18. Be5 d4 19. Ne4 Bb7 20. Qh6 Rf7 21. Qh5 Kg8 22. Bf4 Ra8 23. f3 Qd5 24. Re2 Bd6 25. Bxd6 cxd6 26. Rae1 h6 27. f6 Qxh5 28. gxh5 Bxe4 29. Rxe4 Rxf6 30. Kg2 Kf8 31. Re7 a4 32. bxa4 Rf5 33. Rd7 Rxh5 34. Ree7 Rg5+ 35. Kf2 Rxa4 36. Rf7+ Kg8 37. Rfe7 Ra2 38. Rb7 c4 39. h4 Rg6 40. h5 Rg5 41. f4 Rg4 42. Kf3 Rg1 43. Kf2 Raa1 44. f5 Raf1+ 45. Ke2 Rxf5 46. b3 cxb3 47. cxb3 Rxh5 48. Kd3 Rh4 49. b4 Rg3+ 50. Kd2 Rh2+ 51. Re2 Rxe2+ 52. Kxe2 Rb3 53. b5 h5 54. b6 h4 55. Kf2 h3 56. Rb8+ Kh7 57. b7 Rb2+ 58. Kg1 d3 59. Rd8 Rxb7 60. Rxd6 g5 61. Rxd3 g4 62. Kh2 Rb4 63. Kg3 Kg6 64. Rd6+ Kf5 65. Rd5+ Ke6 66. Ra5 Re4 67. Rb5 Kf6 68. Ra5 Kg6 69. Rb5 Kf6 70. Ra5 Re5 71. Ra4 Rg5 72. Rf4+ Ke5 73. Ra4 Rg8 74. Ra5+ Ke4 75. Ra4+ Ke3 76. Ra3+ Ke2 77. Ra2+ Kd3 78. Ra3+ Kc2 79. Ra4 Rh8 80. Kh2 g3+ 81. Kxg3 h2 82. Ra2+ Kb3 83. Rxh2 Rxh2 84. Kxh2 1/2-1/2


[Site "https://www.chess.com"]

[Event "Titled Tuesday Blitz August 15 Late 2023"]
[White "Leiva, Gianmarco"]
[Black "Kielinkei"]
[WhiteFideId "3804399"]
[WhiteElo "2704"]
[BlackElo "2411"]
[Result "1-0"]
[Round "2"]
[TimeControl "180+1"]
[Date "2023.08.15"]
[WhiteClock "0:00:16"]
[BlackClock "0:00:05"]
[Board "87"]

1. e4 c5 2. Nf3 e6 3. b3 d5 4. Bb5+ Bd7 5. Qe2 Bxb5 6. Qxb5+ Qd7 7. Nc3 Qxb5 8. Nxb5 Na6 9. d3 f6 10. Bb2 Kd7 11. O-O-O Nc7 12. Nxc7 Kxc7 13. Rhe1 d4 14. e5 Re8 15. b4 b6 16. bxc5 bxc5 17. Ba3 Nh6 18. Re4 f5 19. Re2 Nf7 20. Nd2 Be7 21. Nb3 c4 22. Bxe7 cxb3 23. Bc5 bxa2 24. Bxd4 Rb8 25. Kd2 Rb1 26. Ree1 Rhb8 27. c4 a5 28. Kc2 Rxd1 29. Rxd1 Nd8 30. Ra1 Nc6 31. Bc3 Nb4+ 32. Bxb4 axb4 33. Kb3 Kc6 34. Rxa2 Kc5 35. Ra6 Kd4 36. Rxe6 Kxd3 37. Re7 Rc8 38. Rxg7 f4 39. Rxh7 Ke2 40. Rf7 Kxf2 41. Rxf4+ Kxg2 42. e6 Kxh2 43. e7 1-0


[Site "https://www.chess.com"]

[Event "Titled Tuesday Blitz August 15 Late 2023"]
[White "Hoang, Thi Bao Tram"]
[Black "petr577"]
[WhiteFideId "12401102"]
[WhiteElo "2675"]
[BlackElo "2368"]
[Result "1/2-1/2"]
[Round "2"]
[TimeControl "180+1"]
[Date "2023.08.15"]
[WhiteClock "0:00:16"]
[BlackClock "0:00:04"]
[Board "88"]

1. d4 Nf6 2. Nf3 g6 3. g3 Bg7 4. Bg2 O-O 5. O-O d6 6. a4 a5 7. Re1 Nbd7 8. c3 e5 9. e4 Re8 10. Nbd2 b6 11. dxe5 dxe5 12. Nc4 Ba6 13. Ne3 Nxe4 14. Nd2 Nxd2 15. Bxa8 Qxa8 16. Bxd2 Nc5 17. Ng4 h5 18. Nh6+ Kf8 19. Be3 Ne6 20. h3 Qc6 21. Kh2 Bb7 22. Rg1 Rd8 23. Qe2 Qf3 24. Qxf3 Bxf3 25. g4 h4 26. g5 e4 27. Ng4 Ke7 28. Rge1 Bf8 29. Rac1 Rd3 30. Kg1 Kd8 31. Ne5 Rd5 32. Nxf7+ Kc8 33. Nh8 Nxg5 34. Nxg6 Bd6 35. Nf4 Bxf4 36. Bxf4 Nxh3+ 37. Kh2 Nxf4 38. Rg1 h3 39. Rg8+ Kb7 40. Rf8 Ne2 41. Re1 Rd2 42. b4 Nxc3 43. bxa5 bxa5 44. Kg3 h2 45. Kxh2 Rxf2+ 46. Kg3 Rg2+ 47. Kf4 Re2 48. Rc1 Nxa4 49. Rf7 Kb6 50. Rfxc7 Rf2 51. Ke3 Re2+ 52. Kf4 Rf2 53. Ke5 Rh2 54. R7c6+ Kb5 55. Rc8 Rh5+ 56. Kf4 Rc5 57. Rb8+ Kc6 58. Ra1 Nc3 59. Rg1 Nd5+ 60. Ke5 Nc7+ 61. Kd4 Rd5+ 62. Ke3 Rd3+ 63. Kf4 Nd5+ 64. Ke5 e3 65. Rc8+ Kb5 66. Rb1+ Nb4 67. Rb8+ Ka4 68. Ra1+ Kb3 69. Rxa5 e2 70. Ra1 Re3+ 71. Kf4 e1=Q 72. Rxe1 Rxe1 73. Kxf3 Re7 74. Kf4 Rc7 75. Ke5 Rc4 76. Kd6 Kc3 77. Rh8 Rd4+ 78. Ke5 Nc6+ 79. Ke6 Kc4 80. Rc8 Kc5 81. Kf6 Rd6+ 82. Kf5 Kd5 83. Kf4 Rf6+ 84. Kg5 Re6 85. Ra8 Nd4 86. Ra5+ Ke4 87. Ra4 Re5+ 88. Kg4 Ke3 89. Ra3+ Ke4 90. Ra4 Re6 91. Kg5 Rd6 92. Rb4 Kd3 93. Ra4 Ke3 94. Ra3+ Ke4 95. Ra4 Ke5 96. Ra5+ Ke6 97. Ra4 Nf5 98. Re4+ Kd7 99. Kxf5 Rd5+ 100. Re5 Rxe5+ 101. Kxe5 1/2-1/2


[Site "https://www.chess.com"]

[Event "Titled Tuesday Blitz August 15 Late 2023"]
[White "Rastbod, Ali"]
[Black "Fernandez Siles, Luis"]
[WhiteFideId "12567477"]
[BlackFideId "2209420"]
[WhiteElo "2662"]
[BlackElo "2377"]
[Result "1-0"]
[Round "2"]
[TimeControl "180+1"]
[Date "2023.08.15"]
[WhiteClock "0:01:09"]
[BlackClock "0:00:12"]
[Board "89"]

1. d4 Nf6 2. Nf3 g6 3. Bg5 Bg7 4. c3 O-O 5. Nbd2 d5 6. e3 b6 7. Be2 c5 8. O-O Ba6 9. b4 Bxe2 10. Qxe2 cxb4 11. cxb4 Qc8 12. Rfc1 Qb7 13. b5 a6 14. a4 Rc8 15. Rcb1 a5 16. Ne5 Nfd7 17. Nd3 f6 18. Bf4 e5 19. Bg3 e4 20. Nf4 Nf8 21. Rc1 Nbd7 22. f3 f5 23. fxe4 dxe4 24. Nc4 Nf6 25. Ne5 Rxc1+ 26. Rxc1 Rc8 27. Rxc8 Qxc8 28. Qa2+ 1-0


[Site "https://www.chess.com"]

[Event "Titled Tuesday Blitz August 15 Late 2023"]
[White "Bryant, Todd"]
[Black "Veiga, Jose Francisco R P Neves"]
[WhiteFideId "2031299"]
[BlackFideId "1930087"]
[WhiteElo "2361"]
[BlackElo "2658"]
[Result "0-1"]
[Round "2"]
[TimeControl "180+1"]
[Date "2023.08.15"]
[WhiteClock "0:00:00"]
[BlackClock "0:00:56"]
[Board "90"]

1. e4 Nc6 2. Nf3 d6 3. d4 Nf6 4. Nc3 g6 5. h3 Bg7 6. Be3 a6 7. Qd2 b5 8. Bd3 Bb7 9. O-O-O Nd7 10. Ne2 e5 11. d5 Ne7 12. Kb1 Nb6 13. h4 h6 14. g4 c5 15. dxc6 Bxc6 16. Nh2 d5 17. Bxb6 Qxb6 18. exd5 Nxd5 19. Rhe1 Qxf2 20. Be4 Rd8 21. Nf1 O-O 22. h5 Nc3+ 23. Qxc3 Rxd1+ 24. Rxd1 Bxe4 25. Nfg3 Bb7 26. hxg6 fxg6 27. Qc7 Rf7 28. Qb8+ Kh7 29. a4 Bf3 30. Qa8 Bxa8 0-1


[Site "https://www.chess.com"]

[Event "Titled Tuesday Blitz August 15 Late 2023"]
[White "Vasques, Antonio Pedro Freixial"]
[Black "Pinheiro, Iung Alicio de O."]
[WhiteFideId "1908332"]
[BlackFideId "2104350"]
[WhiteElo "2368"]
[BlackElo "2625"]
[Result "1-0"]
[Round "2"]
[TimeControl "180+1"]
[Date "2023.08.15"]
[WhiteClock "0:00:28"]
[BlackClock "0:00:00"]
[Board "91"]

1. e4 c5 2. Nc3 Nc6 3. Bb5 Nd4 4. Nf3 e6 5. O-O a6 6. Bd3 Nc6 7. b3 g5 8. Bb2 Bg7 9. a4 g4 10. Ne1 h5 11. a5 Nxa5 12. f4 Nc6 13. e5 d5 14. exd6 Qxd6 15. Ne4 Bd4+ 16. Kh1 Qd8 17. c3 Bg7 18. Nxc5 b6 19. Be4 Qc7 20. Ncd3 Nf6 21. Qe2 Nxe4 22. Qxe4 Bb7 23. f5 Ne7 24. Qe2 exf5 25. Rxf5 h4 26. Kg1 h3 27. g3 Qc6 28. Nf2 O-O-O 29. Rxf7 Rhe8 30. Qxg4+ Kb8 31. Qxg7 Nf5 32. Rxb7+ Qxb7 33. Qxb7+ Kxb7 34. Nf3 Re2 35. Kf1 Rdxd2 36. Nxd2 Rxd2 37. Bc1 Ne3+ 38. Ke1 Nc2+ 39. Kxd2 Nxa1 40. b4 a5 41. Ne4 Kc6 42. Kd1 Kb5 43. g4 Nb3 44. g5 axb4 45. g6 bxc3 46. g7 c2+ 47. Kxc2 Nd4+ 48. Kd3 Nf3 49. g8=Q 1-0


[Site "https://www.chess.com"]

[Event "Titled Tuesday Blitz August 15 Late 2023"]
[White "Vlassov, Nikolai"]
[Black "Bogaudinov, Rushan"]
[WhiteFideId "4103360"]
[BlackFideId "4129288"]
[WhiteElo "2600"]
[BlackElo "2354"]
[Result "1-0"]
[Round "2"]
[TimeControl "180+1"]
[Date "2023.08.15"]
[WhiteClock "0:00:05"]
[BlackClock "0:00:06"]
[Board "92"]

1. e4 a6 2. d4 e6 3. Bd3 d5 4. e5 c5 5. c3 Nc6 6. Nf3 b5 7. O-O Bb7 8. Bg5 Qc7 9. Nbd2 c4 10. Bc2 b4 11. Ba4 a5 12. Rc1 Be7 13. b3 bxc3 14. Rxc3 Bb4 15. Rc2 h6 16. Bh4 cxb3 17. Nxb3 Rc8 18. Qd3 Ne7 19. Bxe7 Kxe7 20. Nc5 Qb6 21. Rfc1 Bxc5 22. Rxc5 Nb4 23. Qb3 Rxc5 24. Rxc5 Rc8 25. Rxc8 Bxc8 26. a3 Ba6 27. axb4 axb4 28. h4 Bc4 29. Qb2 g5 30. hxg5 hxg5 31. Nxg5 Qa5 32. Bc6 Qa3 33. Qb1 b3 34. Qh7 Qc1+ 35. Kh2 Qxg5 36. Qh8 b2 37. Qe8# 1-0


[Site "https://www.chess.com"]

[Event "Titled Tuesday Blitz August 15 Late 2023"]
[White "ciroreva-CB"]
[Black "Zavgorodniy, Sergiy"]
[BlackFideId "14110148"]
[WhiteElo "2329"]
[BlackElo "2573"]
[Result "1/2-1/2"]
[Round "2"]
[TimeControl "180+1"]
[Date "2023.08.15"]
[WhiteClock "0:00:04"]
[BlackClock "0:00:14"]
[Board "93"]

1. e4 c6 2. Nf3 d5 3. d3 Qc7 4. exd5 cxd5 5. c4 Nf6 6. Nc3 e6 7. Bg5 Be7 8. Rc1 dxc4 9. dxc4 a6 10. Bd3 O-O 11. O-O Rd8 12. Qe2 b6 13. Bxf6 Bxf6 14. Qe4 g6 15. Qxa8 Bb7 16. Qa7 Nc6 17. Nb5 Rxd3 18. Nxc7 Nxa7 19. Rcd1 Rd8 20. Rxd8+ Bxd8 21. Rd1 Nc6 22. Ne8 Ba8 23. Ne5 Be7 24. Nxc6 Bxc6 25. Nd6 Bf6 26. b3 Kf8 27. f3 h5 28. Kf2 Be5 29. g3 b5 30. f4 Bc3 31. Ke3 Bb4 32. Ne4 Ke7 33. cxb5 axb5 34. Rc1 Bd7 35. Nc5 Ba3 36. Rc2 Be8 37. Nd3 Bd6 38. h4 Bd7 39. Kd4 f6 40. Nc5 e5+ 41. Kd5 Bf5 42. fxe5 Bxe5 43. Re2 Kf7 44. Rxe5 fxe5 45. Kxe5 Ke7 46. a4 bxa4 47. bxa4 Bc2 48. a5 Kd8 49. Kd6 Kc8 50. a6 Kb8 51. Ke7 Ka7 52. Kf6 Bf5 53. Kg5 Kb6 54. Nb3 Kxa6 55. Nd4 Be4 56. Ne6 Kb6 57. Nf4 Kc7 58. Nxg6 Bf3 59. Nf4 Kd6 60. Nxh5 Ke6 61. g4 Kf7 62. Nf4 Kg7 63. h5 Kh7 64. h6 Be4 65. Ne6 Bf3 66. Nf8+ Kg8 67. Ng6 Kh7 68. Ne5 Be2 69. Kh5 Bd1 70. Nf7 Bxg4+ 71. Kxg4 Kg6 72. Kh4 Kxf7 73. Kg5 Kg8 74. h7+ Kxh7 1/2-1/2


[Site "https://www.chess.com"]

[Event "Titled Tuesday Blitz August 15 Late 2023"]
[White "Hajiyev, Kanan"]
[Black "Ivanova, Karina"]
[WhiteFideId "13404148"]
[BlackFideId "24139750"]
[WhiteElo "2554"]
[BlackElo "2309"]
[Result "1-0"]
[Round "2"]
[TimeControl "180+1"]
[Date "2023.08.15"]
[WhiteClock "0:00:46"]
[BlackClock "0:00:04"]
[Board "94"]

1. d4 Nf6 2. Nf3 e6 3. c4 b6 4. a3 Bb7 5. Nc3 d5 6. Bg5 Be7 7. e3 O-O 8. Qc2 c5 9. dxc5 bxc5 10. cxd5 exd5 11. Bd3 h6 12. Bh4 Nc6 13. O-O d4 14. exd4 Nxd4 15. Nxd4 cxd4 16. Ne2 Rc8 17. Qd2 Qb6 18. Rac1 Rfd8 19. Rxc8 Bxc8 20. Re1 Ne4 21. Bxe4 Bxh4 22. Bd3 Bf6 23. Ng3 Be6 24. Ne4 Be5 25. Rc1 Rc8 26. Rxc8+ Bxc8 27. h3 Be6 28. Bb1 Bd5 29. b4 Bxe4 30. Bxe4 Qc7 31. Kf1 h5 32. Bd3 g6 33. Qc2 Qxc2 34. Bxc2 Kf8 35. Ke2 Ke7 36. Kd3 Kd6 37. Kc4 Bg7 38. a4 Kc6 39. a5 Kd6 40. Bd3 Be5 41. Kb5 Kc7 42. Ka6 Kb8 43. Kb5 Kc7 44. Kc5 Bd6+ 45. Kc4 Be5 46. Kd5 Bg7 47. b5 Bh8 48. Bc4 Kd7 49. Kc5 Kc7 50. Bxf7 d3 51. Bxg6 d2 52. Bxh5 Bc3 53. b6+ axb6+ 54. axb6+ Kb7 55. Bf3+ Ka6 56. b7 Ka7 57. h4 1-0


[Site "https://www.chess.com"]

[Event "Titled Tuesday Blitz August 15 Late 2023"]
[White "Saucey, Michel"]
[Black "Grossboss19"]
[WhiteFideId "601845"]
[WhiteElo "2270"]
[BlackElo "2545"]
[Result "0-1"]
[Round "2"]
[TimeControl "180+1"]
[Date "2023.08.15"]
[WhiteClock "0:00:00"]
[BlackClock "0:00:02"]
[Board "95"]

1. d4 f5 2. Nf3 Nf6 3. g3 g6 4. Bg2 Bg7 5. O-O O-O 6. c4 d6 7. Nc3 Qe8 8. b3 c6 9. Ba3 h6 10. Qc2 g5 11. e4 fxe4 12. Nxe4 Bf5 13. Nxf6+ Rxf6 14. Qd2 Qf7 15. Qe3 Nd7 16. Rae1 Re8 17. Bb2 Re6 18. Qd2 Rxe1 19. Nxe1 Qg6 20. Nf3 Be4 21. Re1 d5 22. Ne5 Bxe5 23. dxe5 Bxg2 24. Kxg2 e6 25. cxd5 cxd5 26. Rc1 Nxe5 27. Qd4 Nf7 28. Rc7 b5 29. Qxa7 Qe4+ 30. f3 Qe2+ 31. Qf2 Qxf2+ 32. Kxf2 Ra8 33. a3 Kf8 34. Ke3 Ra6 35. Kd4 Ke8 36. Kc5 Nd6 37. Rc6 Rxc6+ 38. Kxc6 Ke7 39. Bd4 Nf5 40. Bc5+ Kd8 41. Kxb5 Kc7 42. a4 e5 43. a5 d4 44. Kc4 Ne3+ 45. Kd3 Nf1 46. b4 Nxh2 47. b5 Nxf3 48. a6 Ne1+ 0-1


[Site "https://www.chess.com"]

[Event "Titled Tuesday Blitz August 15 Late 2023"]
[White "cthake"]
[Black "Reprintsev, Alexander"]
[BlackFideId "14100541"]
[WhiteElo "1827"]
[BlackElo "2508"]
[Result "0-1"]
[Round "2"]
[TimeControl "180+1"]
[Date "2023.08.15"]
[WhiteClock "0:00:15"]
[BlackClock "0:02:23"]
[Board "96"]

1. c4 e5 2. Nc3 Bb4 3. d3 Nf6 4. Bg5 h6 5. Bh4 d6 6. a3 Bxc3+ 7. bxc3 c5 8. e4 Nc6 9. h3 g5 10. Bg3 Be6 11. Be2 Qa5 12. Qb3 b5 13. Qc2 b4 14. cxb4 Nxb4 15. Qd2 Nc2+ 16. Kd1 Qxd2+ 17. Kxd2 Nxa1 18. Kc3 Rb8 19. Nf3 Rb3+ 20. Kd2 Rxa3 21. Rb1 O-O 22. h4 Nb3+ 23. Kc2 Nd4+ 24. Nxd4 cxd4 25. hxg5 hxg5 26. f3 Nd7 0-1


[Site "https://www.chess.com"]

[Event "Titled Tuesday Blitz August 15 Late 2023"]
[White "Drygalov, Sergey"]
[Black "Schut, Han"]
[WhiteFideId "24171743"]
[BlackFideId "1005561"]
[WhiteElo "2956"]
[BlackElo "2244"]
[Result "1-0"]
[Round "2"]
[TimeControl "180+1"]
[Date "2023.08.15"]
[WhiteClock "0:01:08"]
[BlackClock "0:00:06"]
[Board "97"]

1. d4 Nf6 2. c4 g6 3. Nc3 d5 4. cxd5 Nxd5 5. e4 Nxc3 6. bxc3 Bg7 7. Be3 c5 8. Nf3 Qa5 9. Qd2 Nc6 10. Rb1 a6 11. Rc1 cxd4 12. cxd4 Qxd2+ 13. Kxd2 O-O 14. h4 Rd8 15. Rc4 Bg4 16. d5 Bxf3 17. gxf3 e6 18. Bb6 Rd7 19. Bh3 f5 20. Ra4 exd5 21. exf5 Ne5 22. fxg6 Rd6 23. gxh7+ Kxh7 24. Be3 Nxf3+ 25. Ke2 Ne5 26. Rg1 Nc4 27. Rb4 b5 28. Rbb1 Re8 29. Kd3 Ne5+ 30. Kc2 Rc6+ 31. Kb3 a5 32. Rbc1 a4+ 33. Ka3 Nc4+ 34. Kb4 Bf8+ 35. Kxb5 Rc7 36. Bf5+ Kh8 37. Bd4+ Ne5 38. Rxc7 1-0


[Site "https://www.chess.com"]

[Event "Titled Tuesday Blitz August 15 Late 2023"]
[White "Melikhov, Evgeny V."]
[Black "Kramnik, Vladimir"]
[WhiteFideId "4122046"]
[BlackFideId "4101588"]
[WhiteElo "2394"]
[BlackElo "2942"]
[Result "0-1"]
[Round "2"]
[TimeControl "180+1"]
[Date "2023.08.15"]
[WhiteClock "0:01:32"]
[BlackClock "0:01:53"]
[Board "98"]

1. d4 Nf6 2. c4 e6 3. Nc3 d5 4. cxd5 exd5 5. Bg5 c6 6. Qc2 h6 7. Bh4 g6 8. e3 Bf5 9. Bd3 Bxd3 10. Qxd3 Bg7 11. Nge2 Nbd7 12. O-O O-O 13. Rae1 Re8 14. f3 b5 15. Bf2 Rc8 16. e4 dxe4 17. fxe4 Nc5 18. Qf3 Ncxe4 19. Nxe4 Nxe4 20. Bh4 Qxh4 21. Qxf7+ Kh8 22. Nf4 Bxd4+ 0-1


[Site "https://www.chess.com"]

[Event "Titled Tuesday Blitz August 15 Late 2023"]
[White "Ibarra Jerez, Jose Carlos"]
[Black "sebastianmarinp"]
[WhiteFideId "2226332"]
[WhiteElo "2878"]
[BlackElo "2394"]
[Result "1-0"]
[Round "2"]
[TimeControl "180+1"]
[Date "2023.08.15"]
[WhiteClock "0:00:51"]
[BlackClock "0:00:05"]
[Board "99"]

1. e4 e5 2. Nf3 Nc6 3. Bb5 a6 4. Bxc6 dxc6 5. O-O Bd6 6. d4 exd4 7. Qxd4 f6 8. Be3 Ne7 9. Nbd2 Ng6 10. Nc4 Be7 11. Qc3 Be6 12. Nd4 Bf7 13. Rad1 Qc8 14. Nf5 O-O 15. Rfe1 Qe6 16. Na5 Rab8 17. h3 Bd6 18. Bd4 Rfe8 19. b3 Nf4 20. Nc4 Bf8 21. Qg3 Ng6 22. Qxc7 c5 23. Bb2 b5 24. Ncd6 Bxd6 25. Rxd6 Qc8 26. Qa7 Rb7 27. Qxa6 Nf4 28. Rxf6 gxf6 29. Qxf6 Bg6 30. Nh6# 1-0


[Site "https://www.chess.com"]

[Event "Titled Tuesday Blitz August 15 Late 2023"]
[White "Mikhalsky, Vladimir"]
[Black "Zierk, Steven"]
[WhiteFideId "14144352"]
[BlackFideId "2034255"]
[WhiteElo "2391"]
[BlackElo "2871"]
[Result "0-1"]
[Round "2"]
[TimeControl "180+1"]
[Date "2023.08.15"]
[WhiteClock "0:00:00"]
[BlackClock "0:00:02"]
[Board "100"]

1. d4 d5 2. c4 dxc4 3. Nf3 Nf6 4. e3 e6 5. Bxc4 c5 6. O-O a6 7. Nc3 b5 8. Bb3 Bb7 9. a4 b4 10. Ne2 Nbd7 11. a5 Bd6 12. dxc5 Nxc5 13. Ba4+ Nxa4 14. Qxa4+ Qd7 15. Rd1 Qxa4 16. Rxa4 Ke7 17. Bd2 Bc6 18. Bxb4 Bxa4 19. Rxd6 Ke8 20. Nc3 Bd7 21. Ne5 h5 22. h4 Bc8 23. Rc6 Nd7 24. Nc4 Kd8 25. Nd6 Rf8 26. Ba3 f6 27. Nxc8 Rxc8 28. Rxa6 Rf7 29. Rxe6 Ne5 30. a6 Nc4 31. Bb4 Kd7 32. Re4 Nxb2 33. Nb5 Rc1+ 34. Kh2 Kc6 35. a7 Ra1 36. Ba3 Rxa3 37. Nxa3 Rxa7 38. Nc2 Kd6 39. Nd4 Nd3 40. Nf5+ Kc5 41. Kg3 g6 42. Ne7 Ne5 43. Ng8 Nd7 44. Re6 Kd5 45. Re7 Kd6 46. Rf7 Ke6 47. Rg7 Ra2 48. Rxg6 Kf7 0-1


[Site "https://www.chess.com"]

[Event "Titled Tuesday Blitz August 15 Late 2023"]
[White "Vifleemskaia, Svetlana"]
[Black "Salinas Herrera, Pablo"]
[WhiteFideId "4129490"]
[BlackFideId "3407128"]
[WhiteElo "2382"]
[BlackElo "2823"]
[Result "0-1"]
[Round "2"]
[TimeControl "180+1"]
[Date "2023.08.15"]
[WhiteClock "0:00:00"]
[BlackClock "0:02:01"]
[Board "101"]

1. d4 e6 2. c4 b6 3. Nc3 Bb7 4. a3 g6 5. d5 Bg7 6. Qd3 Ne7 7. e4 O-O 8. Nf3 Na6 9. b4 exd5 10. exd5 c6 11. dxc6 Bxc6 12. Bb2 d5 13. O-O-O Rc8 14. c5 bxc5 15. Qxa6 cxb4 16. axb4 d4 17. Kb1 Qd6 18. Bb5 Qxb4 19. Qa4 Qxa4 0-1


[Site "https://www.chess.com"]

[Event "Titled Tuesday Blitz August 15 Late 2023"]
[White "Labussiere, Yago"]
[Black "Kuzmicz, Krystian"]
[WhiteFideId "2186969"]
[BlackFideId "1119125"]
[WhiteElo "2380"]
[BlackElo "2791"]
[Result "0-1"]
[Round "2"]
[TimeControl "180+1"]
[Date "2023.08.15"]
[WhiteClock "0:00:14"]
[BlackClock "0:01:28"]
[Board "102"]

1. d4 g6 2. c4 Bg7 3. Nc3 c5 4. d5 Bxc3+ 5. bxc3 f5 6. e3 Nf6 7. Bd3 d6 8. f3 Qa5 9. Ne2 Nbd7 10. O-O Nb6 11. e4 fxe4 12. fxe4 Bd7 13. Bg5 Ng4 14. Qe1 Ne5 15. Bc2 Nbxc4 16. Qh4 O-O-O 17. Bxe7 Rde8 18. Bf6 Rhf8 19. Bg5 Rh8 20. Bb3 h6 21. Bf6 Rh7 22. Bxe5 Nxe5 23. Rf6 Rhe7 24. Rxd6 c4 25. Bc2 Qc5+ 26. Nd4 Qxd6 27. Qxh6 Nd3 28. Rf1 Rxe4 29. Qxg6 Qxg6 0-1


[Site "https://www.chess.com"]

[Event "Titled Tuesday Blitz August 15 Late 2023"]
[White "Tarasova, Viktoriya"]
[Black "GaiozNigalidze"]
[WhiteFideId "4175840"]
[WhiteElo "2378"]
[BlackElo "2728"]
[Result "1-0"]
[Round "2"]
[TimeControl "180+1"]
[Date "2023.08.15"]
[WhiteClock "0:00:17"]
[BlackClock "0:00:05"]
[Board "103"]

1. d4 Nf6 2. c4 c5 3. d5 b5 4. cxb5 a6 5. bxa6 e6 6. Nc3 exd5 7. Nxd5 Be7 8. Nf3 O-O 9. e4 Nxe4 10. Bd3 Nf6 11. Nxf6+ Bxf6 12. Qc2 Re8+ 13. Be3 Qa5+ 14. Nd2 Nc6 15. O-O Nb4 16. Bxh7+ Kh8 17. Qf5 Re5 18. Qh3 Rxa6 19. Nc4 Qc7 20. Bf4 g5 21. Bxe5 Bxe5 22. Bf5+ Kg8 23. Nxe5 Qxe5 24. Rae1 Qd6 1-0


[Site "https://www.chess.com"]

[Event "Titled Tuesday Blitz August 15 Late 2023"]
[White "rionelG"]
[Black "Alex_Sahakyan2006"]
[WhiteElo "2377"]
[BlackElo "2695"]
[Result "0-1"]
[Round "2"]
[TimeControl "180+1"]
[Date "2023.08.15"]
[WhiteClock "0:01:16"]
[BlackClock "0:02:08"]
[Board "104"]

1. e4 c5 2. g3 g6 3. Bg2 Bg7 4. Ne2 Nc6 5. c3 e5 6. d4 cxd4 7. cxd4 exd4 8. O-O Nge7 9. Nd2 O-O 10. Nb3 d5 11. Nexd4 Nxd4 12. Nxd4 dxe4 13. Be3 Nd5 14. Bxe4 Nxe3 15. fxe3 Qe7 16. Qf3 Bh3 17. Rf2 Rae8 18. Bxb7 Qxe3 19. Qxe3 Rxe3 20. Rd1 Bxd4 0-1


[Site "https://www.chess.com"]

[Event "Titled Tuesday Blitz August 15 Late 2023"]
[White "Topalov, Aleksandar"]
[Black "Fiorito, Joaquin"]
[WhiteFideId "925659"]
[BlackFideId "180173"]
[WhiteElo "2373"]
[BlackElo "2683"]
[Result "0-1"]
[Round "2"]
[TimeControl "180+1"]
[Date "2023.08.15"]
[WhiteClock "0:00:09"]
[BlackClock "0:01:22"]
[Board "105"]

1. b3 d5 2. Bb2 c5 3. e3 Nc6 4. Bb5 Bd7 5. Nf3 Nf6 6. O-O g6 7. c4 a6 8. Ba4 dxc4 9. bxc4 Bg7 10. d4 Ne4 11. Nbd2 Nxd2 12. Qxd2 cxd4 13. exd4 O-O 14. d5 Ne5 15. Nxe5 Bxa4 16. Qb4 Be8 17. a4 a5 18. Qb3 Rc8 19. Rfe1 Qc7 20. Rac1 b6 21. h3 Bh6 22. Ng4 Bxc1 23. Rxc1 h5 24. Ne5 f6 25. Nd3 Qd7 26. Ra1 Bf7 27. Nf4 Qf5 28. Ne2 Rfd8 29. Nd4 Qe4 30. Qxb6 Rb8 31. Qc7 Rdc8 32. Qd7 Be8 33. Qa7 Rxb2 34. Ne6 Rb1+ 35. Rxb1 Qxb1+ 36. Kh2 Qb8+ 0-1


[Site "https://www.chess.com"]

[Event "Titled Tuesday Blitz August 15 Late 2023"]
[White "Silva Lucena, Cristian"]
[Black "Papp, Levente"]
[WhiteFideId "2232588"]
[BlackFideId "751243"]
[WhiteElo "2373"]
[BlackElo "2674"]
[Result "1/2-1/2"]
[Round "2"]
[TimeControl "180+1"]
[Date "2023.08.15"]
[WhiteClock "0:01:14"]
[BlackClock "0:00:23"]
[Board "106"]

1. Nf3 f5 2. d3 Nf6 3. e4 fxe4 4. dxe4 Nxe4 5. Bd3 Nf6 6. Ng5 g6 7. h4 d5 8. h5 Bg4 9. f3 Bxh5 10. g4 Qd6 11. gxh5 Nxh5 12. Rxh5 gxh5 13. Bxh7 Nc6 14. f4 e5 15. Qxh5+ Ke7 16. Qf7+ Kd8 17. Ne6+ Kc8 18. Qe8+ Nd8 19. Nxd8 Qd7 20. Bf5 Bb4+ 21. c3 Rxe8 22. Bxd7+ Kxd7 23. cxb4 Raxd8 24. fxe5 Rxe5+ 25. Kd1 Rh8 26. Kc2 Rh2+ 27. Bd2 Ree2 28. a4 b6 29. b5 c5 30. bxc6+ Kxc6 31. Ra3 Re4 32. Nc3 Rd4 33. Nb1 Rc4+ 34. Rc3 Rxc3+ 35. Nxc3 a6 36. b3 b5 37. axb5+ axb5 38. Kd3 Rh3+ 39. Be3 Rh1 40. Na2 Kd6 41. Bd4 Rh3+ 42. Kc2 Rh2+ 43. Kb1 Ke6 44. Nc3 Kf5 45. Nxb5 Ke4 46. b4 Kd3 47. Bc5 Kc4 48. Nd6+ Kb3 49. Kc1 d4 50. Kd1 d3 51. Ne4 Kc4 52. Nd2+ Kc3 53. Ne4+ Kc4 54. Nf2 Rxf2 55. Bxf2 Kxb4 56. Kd2 Kb5 57. Bg3 Ka6 58. Kc3 Kb7 59. Bf4 Ka8 60. Bd2 Kb7 61. Kb4 Kc8 62. Kc5 Kd7 63. Kd5 Ke8 64. Ke6 Kd8 65. Kf5 Kc8 66. Ke4 Kb7 67. Kxd3 1/2-1/2


[Site "https://www.chess.com"]

[Event "Titled Tuesday Blitz August 15 Late 2023"]
[White "Beulen, Marcel"]
[Black "Ozdemir, Serhan Berat"]
[WhiteFideId "1001450"]
[BlackFideId "6374611"]
[WhiteElo "2361"]
[BlackElo "2655"]
[Result "0-1"]
[Round "2"]
[TimeControl "180+1"]
[Date "2023.08.15"]
[WhiteClock "0:01:50"]
[BlackClock "0:02:32"]
[Board "107"]

1. e4 c5 2. Nf3 e6 3. c3 d5 4. exd5 exd5 5. d4 Nc6 6. Bb5 Nf6 7. O-O Be7 8. dxc5 Bxc5 9. Nbd2 O-O 10. Nb3 Bb6 11. Bg5 Be6 12. Nbd4 Bd7 13. Bd3 h6 14. Bh4 Bg4 15. Qc2 Rc8 16. Nxc6 bxc6 17. Ne5 Be6 18. Rad1 Bc7 19. Nxc6 Qd6 0-1


[Site "https://www.chess.com"]